 Dungeon Crawl Stone Soup version 0.21.1-1-g345015f (webtiles) character file.

124 Zubo the Insei (level 5, -4/35 HPs)
             Began as an Octopode Transmuter on June 21, 2018.
             Was an Initiate of Yredelemnul.
             Slain by an orc
             ... wielding a +0 trident
              (8 damage)
             ... on level 3 of the Dungeon.
             The game lasted 00:05:00 (2037 turns).

Zubo the Insei (Octopode Transmuter)                Turns: 2037, Time: 00:05:00

Health: -4/35      AC:  1    Str: 16    XL:     5   Next: 8%
Magic:  1/8        EV: 13    Int: 16    God:    Yredelemnul [......]
Gold:   84         SH:  0    Dex: 12    Spells: 5/8 levels left

rFire    . . .     SeeInvis .     - Unarmed
rCold    . . .     Gourm    .   (no shield)
rNeg     . . .     Faith    .   (helmet restricted)
rPois    .         Spirit   .   (no amulet)
rElec    .         Reflect  .   k - +6 ring of strength
rCorr    .         Harm     .   (no ring)
MR       .....                  (no ring)
Stlth    ++........             (no ring)
HPRegen  0.11/turn              (no ring)
MPRegen  0.11/turn              (no ring)
                                (no ring)
                                (no ring)

@: slowed, very slow
A: almost no armour, stealthy swim, amphibious, 8 rings, constrict 8, camouflage
1, gelatinous body 1
a: Renounce Religion


You were on level 3 of the Dungeon.
You worshipped Yredelemnul.
Yredelemnul was noncommittal.
You were not hungry.

You visited 1 branch of the dungeon, and saw 3 of its levels.

You collected 84 gold pieces.

Inventory:

Missiles
 a - 60 arrows
Jewellery
 h - an uncursed amulet of harm
 k - a +6 ring of strength (left tentacle)
Scrolls
 d - a scroll of blinking
 e - a scroll of fog
 f - a scroll of teleportation {unknown}
 l - a scroll of amnesia {unknown}
Potions
 i - a potion of cancellation
 m - a potion of invisibility {unknown}
 n - 2 potions of heal wounds {unknown}
Books
 b - a book of Changes

   Spells                             Type                      Level
   a - Beastly Appendage              Transmutation                1
   b - Sticks to Snakes               Transmutation                2
   c - Spider Form                    Transmutation/Poison         3
   d - Ice Form                       Ice/Transmutation            4
   e - Blade Hands                    Transmutation                5
Comestibles
 c - 6 rations
 j - a chunk of flesh


   Skills:
 + Level 2.3 Fighting
 - Level 2.0 Dodging
 * Level 4.5 Unarmed Combat
 - Level 2.0 Spellcasting
 + Level 3.0 Transmutations


You had 5 spell levels left.
You knew the following spells:

 Your Spells              Type           Power        Failure   Level  Hunger
a - Beastly Appendage     Tmut           ##....       6%          1    #......
b - Sticks to Snakes      Tmut           ##......     9%          2    ###....


Dungeon Overview and Level Annotations

Branches:
Dungeon (3/15)

Altars:
Gozag
Hepliaklqana
Wu Jian
Yredelemnul


Innate Abilities, Weirdness & Mutations

You cannot wear most types of armour.
You are very stealthy in the water. (Stealth+)
You are amphibious.
You can wear up to eight rings at the same time.
You can use your tentacles to constrict eight enemies at once.
Your skin changes colour to match your surroundings (Stealth+).
Your rubbery body absorbs attacks. (AC +1, EV +1)


Message History

Your Transmutations skill increases to level 3!
You have reached level 5!
You feel stronger.
Your ball python looks stronger.
Your ball python barely misses the quokka. x2
The orc hits you with a mace.
* * * LOW HITPOINT WARNING * * *
The orc completely misses you.
You tentacle-slap the orc but do no damage.
You grab the orc.
You pierce the orc.
You squeeze the orc, but do no damage.
The orc is lightly wounded.
Your tentacle spike disappears.
You constrict the orc. The quokka misses you.
Your ball python closely misses the quokka.
Your ball python grabs the quokka.
Your ball python constricts the quokka.
The quokka closely misses you. The orc hits you with a mace.
* * * LOW HITPOINT WARNING * * *
The orc hits you from afar with a trident!
You die...
Your body rises from the dead as a mindless zombie. #### . .. ...# oo #. ... .. #. #.# .# #. #.###..#.. #. #ohh.hh.oh

######.###ro#
.....>...S†@#
#####...#)###.
#..........#
######..#.###....
#.....[.#.# ..
#.####.##.. #<#
..#.... #.#
#.##.#.## #.# #.
. .#


You could see 2 orcs, a quokka, 2 jackals and a friendly ball python.

Vanquished Creatures
  6 adders
  2 oozes (D:2)
  A dart slug (D:1)
  A leopard gecko (D:1)
  An orc (D:3)
  4 giant cockroaches
  3 goblins
  3 hobgoblins
  A jackal (D:3)
  4 kobolds
  A ball python (D:1)
  5 bats
  2 frilled lizards
  6 rats
40 creatures vanquished.

Vanquished Creatures (collateral kills)
  An orc wizard (D:3)
  2 adders
  A bat (D:3)
  A rat (D:2)
5 creatures vanquished.

Grand Total: 45 creatures vanquished

Notes
Turn   | Place    | Note
-------+----------+-------------------------------------------
     0 | D:1      | Zubo the Octopode Transmuter began the quest for the Orb.
     0 | D:1      | Reached XP level 1. HP: 13/13 MP: 3/3
   147 | D:1      | Reached XP level 2. HP: 2/18 MP: 3/5
   659 | D:1      | Learned a level 2 spell: Sticks to Snakes
   992 | D:2      | Found a hazy altar of Hepliaklqana.
  1006 | D:2      | Reached XP level 3. HP: 12/23 MP: 4/6
  1294 | D:2      | Reached skill level 4 in Unarmed Combat
  1322 | D:2      | Reached XP level 4. HP: 25/29 MP: 5/7
  1358 | D:2      | Found an opulent altar of Gozag.
  1918 | D:2      | Found a basalt altar of Yredelemnul.
  1923 | D:2      | Found an ornate altar of the Wu Jian Council.
  1932 | D:2      | Became a worshipper of Yredelemnul the Dark
  2036 | D:3      | Reached XP level 5. HP: 16/35 MP: 1/8
  2037 | D:3      | Slain by an orc

Skill      XL: |  1  2  3  4 |
---------------+-------------+-----
Unarmed Combat | 4 |  4.5
Fighting       | 2 |  2.3
Transmutations | 3 |  3.0
Dodging        | |  2.0
Spellcasting   | |  2.0

Action                   |  1- 3 |  4- 6 || total
-------------------------+-------+-------++-------
Melee: Unarmed           |    67 |    26 ||    93
       Constrict         |    18 |     8 ||    26
       Tentacles         |     9 |     4 ||    13
       Kick              |    16 |     7 ||    23
       Punch             |       |     1 ||     1
 Cast: Beastly Appendage |    20 |     8 ||    28
       Sticks to Snakes  |       |     4 ||     4
  Use: Scroll            |       |     5 ||     5
       Potion            |       |     3 ||     3
 Stab: Sleeping          |     3 |     2 ||     5
  Eat: Chunk             |     2 |     2 ||     4
Armor: Skin              |    13 |     7 ||    20
Dodge: Dodged            |    48 |    32 ||    80
